AoeStats
← TM Caesar

Arena

508304438Analyzed
1v1 RM · 11d ago on Sep 21, 2026· 44m 49s· 2 players
Game mode
Random Map
Map size
Tiny (2 player)
Population
200
Speed
Normal
Resources
Standard
Victory
Conquest
Starting age
Dark Age
Ending age
Imperial Age
RankedLock teamsTeams togetherTeam positionsShared explorationLock speedFull tech treeHidden civsTurbo modeCheats
Victory
Defeat
🇲🇽 Malay · Mexico
1664
+15
🇦🇷 Poles · Argentina
1635
-15
TM Caesar
9:17 Feudal Age
9:43 Double-Bit Axe
9:39 Horse Collar
16:28 Castle Age
17:36 Bow Saw
17:27 Heavy Plow
19:50 Wheelbarrow
21:51 Scale Mail Armor
22:00 Squires
23:54 Chain Mail Armor
24:23 Gold Mining
25:34 Hand Cart
25:57 Arson
27:01 Loom
29:51 Imperial Age
27:56 Forging
27:53 Stone Mining
30:12 Scale Barding Armor
30:12 Fletching
30:54 Conscription
31:06 Ballistics
30:08 Crossbowman
31:54 Chemistry
31:32 Chain Barding Armor
31:34 Bodkin Arrow
31:50 Thumb Ring
32:16 Bloodlines
32:16 Bracer
34:23 Chain Barding Armor
34:05 Husbandry
34:07 Town Watch
34:56 Ballistics
36:12 Szlachta Privileges
35:54 Light Cavalry
36:09 Arbalester
37:23 Padded Archer Armor
37:34 Cavalier
38:56 Hoardings
39:31 Iron Casting
40:32 Masonry
41:49 Blast Furnace
44:26 Winged Hussar
RxS | Shakka_
12:24 Feudal Age
15:31 Castle Age
14:02 Double-Bit Axe
14:08 Horse Collar
15:36 Bow Saw
19:39 Heavy Plow
24:44 Wheelbarrow
26:28 Loom
29:58 Imperial Age
27:44 Forging
27:51 Gold Mining
28:14 Town Watch
29:53 Iron Casting
29:58 Conscription
30:55 Squires
30:53 Stone Mining
31:38 Gold Shaft Mining
32:42 Blast Furnace
31:32 Fletching
32:22 Stone Shaft Mining
33:59 Chemistry
33:48 Elite Karambit Warrior
34:54 Bodkin Arrow
35:51 Husbandry
37:00 Scale Barding Armor
38:49 Elite Battle Elephant
43:37 Hand Cart
45:33 Crop Rotation
Connection lost

Rejoining the realm…

Still unreachable

The connection could not be restored.

Session expired

The server has moved on; the page needs a fresh start.